 Dungeon Crawl Stone Soup version 0.28.0-53-g5a82cb258f (webtiles) character file.

Game seed: 192256537675141488

263 Zeld the Skirmisher (level 5, -4/49 HPs)
             Began as a Minotaur Berserker on June 10, 2022.
             Was a Believer of Trog.
             Killed from afar by Ijyb (11 damage)
             ... with a puff of flame
             ... on level 3 of the Dungeon.
             The game lasted 00:02:17 (2663 turns).

Zeld the Skirmisher (Minotaur Berserker)            Turns: 2663, Time: 00:02:18

Health: -4/49      AC:  4    Str: 24    XL:     5   Next: 97%
Magic:  4/4        EV: 12    Int:  4    God:    Trog [**....]
Gold:   115        SH:  0    Dex:  9    Spells: 4/4 levels left

rFire   . . .      SeeInvis .   a - +0 hand axe
rCold   . . .      Faith    .   (no shield)
rNeg    . . .      Spirit   .   b - +0 animal skin
rPois   .          Reflect  .   (helmet restricted)
rElec   .          Harm     .   (no cloak)
rCorr   .          Rampage  .   q - +0 pair of gloves
Will    ++...                   d - +0 pair of boots
Stlth   +.........              (no amulet)
HPRegen 1.16/turn               (no ring)
MPRegen 0.09/turn               (no ring)

@: strong-willed, regenerating
A: horns 2, retaliatory headbutt
a: Renounce Religion, Berserk, Trog's Hand


You were on level 3 of the Dungeon.
You worshipped Trog.
Trog was pleased with you.
You visited 1 branch of the dungeon, and saw 3 of its levels.

You collected 115 gold pieces.

Inventory:

Hand Weapons
 a - a +0 hand axe (weapon)
Armour
 b - a +0 animal skin (worn)
 d - a +0 pair of boots (worn)
 q - a +0 pair of gloves (worn)
Jewellery
 e - a ring of protection from fire
 m - a ring of willpower
Scrolls
 f - 2 scrolls of teleportation {unknown}
 h - a scroll of torment {unknown}
 j - a scroll of amnesia {unknown}
 l - a scroll of identify {unknown}
Potions
 c - 2 potions of curing {unknown}
 g - a potion of ambrosia {unknown}
 i - 2 potions of heal wounds {unknown}
 k - a potion of haste {unknown}
 n - a potion of berserk rage {unknown}


   Skills:
 * Level 5.6 Fighting
 * Level 5.4 Axes
 + Level 3.6 Armour
 + Level 3.4 Dodging


You had 4 spell levels left.
You didn't know any spells.
Your spell library was empty.

Dungeon Overview and Level Annotations

Branches:
Dungeon (3/15)

Altars:

Shops:
D:2 (

Annotations:
D:3 Ijyb


Innate Abilities, Weirdness & Mutations

You have a pair of horns on your head.
You reflexively headbutt those who attack you in melee.


Message History

Ijyb screams, "You nasty!
Big nasty!"
Ijyb is nearby!
Ijyb zaps a wand.
The puff of flame hits you.
You closely miss Ijyb. Ijyb closely misses you.
You slash Ijyb! You headbutt Ijyb, but do no damage.
Ijyb is moderately wounded.
Ijyb screams, "Me stronger than you!" Ijyb hits you with a +6 club!
You miss Ijyb. You headbutt Ijyb.
Ijyb is heavily wounded.
Ijyb drinks a potion.
Ijyb seems to grow stronger.
You barely miss Ijyb. Your headbutt misses Ijyb.
Ijyb is heavily wounded.
Ijyb hits you with a +6 club.
You completely miss Ijyb.
Ijyb is heavily wounded.
Ijyb hits you with a +6 club.
You closely miss Ijyb. Your headbutt misses Ijyb.
Ijyb is heavily wounded.
Ijyb barely misses you.
You hit Ijyb but do no damage. You headbutt Ijyb, but do no damage.
Ijyb is heavily wounded.
Ijyb zaps a wand.
The puff of flame hits you.
You closely miss Ijyb. Your headbutt misses Ijyb.
Ijyb is heavily wounded.
Ijyb barely misses you.
Ijyb screams, "You nasty!
Big nasty!"
Ijyb hits you with a +6 club!
* * * LOW HITPOINT WARNING * * *
You are too injured to fight recklessly!
Ijyb zaps a wand.
The puff of flame misses you.
Press: ? - help, v - describe, . - travel
Here: Ijyb, wielding a +6 club, wearing a +0 leather armour and carrying a wand of flame (20) (heavily wounded, strong)
The floor.
Your skin crawls.
You feel strong-willed.
Ijyb zaps a wand.
The puff of flame hits you!
* * * LOW HITPOINT WARNING * * *
Ijyb zaps a wand.
The puff of flame hits you!
You die...

##...# #.....###.†#
)....#
#..........#######
##...#
#....###.........####+#
#...#
##..<####.............#
#...#
#...................#
#####
##.................#
#..[...........†..#
#......:.........#
#.....@...)......#
#................#
#................#
##....g###########
#.....# ###.#.#
###...######
#..........#
#..........#


You could see Ijyb (strong).

Vanquished Creatures
  A necrophage (D:3)
  A scorpion (D:3)
  4 adders
  2 dart slugs (D:1)
  6 orcs
  3 bats
  8 endoplasms
  4 giant cockroaches
  8 goblins
  7 hobgoblins
  2 quokkas
  7 ball pythons
  3 frilled lizards
  4 kobolds (D:1)
  8 rats
68 creatures vanquished.

Notes
Turn   | Place    | Note
-------+----------+-------------------------------------------
     0 | D:1      | Zeld the Minotaur Berserker began the quest for the Orb.
     0 | D:1      | Reached XP level 1. HP: 19/19 MP: 0/0
   358 | D:1      | Reached XP level 2. HP: 26/27 MP: 1/1
   765 | D:1      | Reached ** piety under Trog
   796 | D:1      | Reached XP level 3. HP: 33/33 MP: 2/2
   837 | D:1      | Found a faded altar of an unknown god.
  1405 | D:2      | Found Xamotu's Weapon Emporium.
  1516 | D:2      | Reached XP level 4. HP: 34/41 MP: 3/3
  2018 | D:3      | Noticed a necrophage
  2047 | D:3      | Killed a necrophage
  2048 | D:3      | Reached skill level 5 in Fighting
  2048 | D:3      | Reached skill level 5 in Axes
  2048 | D:3      | Reached XP level 5. HP: 10/48 MP: 4/4
  2644 | D:3      | Noticed Ijyb
  2663 | D:3      | Killed from afar by Ijyb

Illustrated notes

Levels and vault maps discovered:
D:1:      lemuel_arrival_hallway, layout_loops_cross,
          ebering_ecumenical_altar_ruins, minmay_pentomino_r4
D:2:      layout_loops_cross, serial_shops, nicolae_shop_trees, minmay_cupped
D:3:      layout_rooms, tso_altar, uniq_ijyb

Skill      XL: |  1  2  3  4 |
---------------+-------------+-----
Fighting       | 4 5 |  5.6
Axes           | 4 5 |  5.4
Armour         | 3 |  3.6
Dodging        | 3 |  3.4

Action                   |  1- 3 |  4- 6 || total
-------------------------+-------+-------++-------
Melee: Hand axe          |    84 |    79 ||   163
       Headbutt          |    10 |    11 ||    21
Invok: Trog's Hand       |       |     1 ||     1
 Stab: Sleeping          |     1 |       ||     1
Armor: Animal skin       |    26 |    14 ||    40
Dodge: Dodged            |    57 |    49 ||   106
